 Dungeon Crawl Stone Soup version 0.30-a0-377-g5cb311bc9f (webtiles) character file.

Game seed: 1570688468944463468

20208 Ijustatesigmund the Epochal (level 12, -14/89 HPs)
             Began as a Demonspawn Conjurer on Nov 28, 2022.
             Was an Elder of Cheibriados.
             Demolished by Rupert
             ... wielding a +1 battleaxe of holy wrath
              (39 damage)
             ... on level 13 of the Dungeon on Nov 29, 2022.
             The game lasted 00:52:41 (17669 turns).

Ijustatesigmund the Epochal (Demonspawn Conjurer)  Turns: 17669, Time: 00:52:42

Health: -14/89     AC: 11    Str: 16    XL:     12   Next: 43%
Magic:  15/26      EV: 13    Int: 38    God:    Cheibriados [****..]
Gold:   544        SH:  0    Dex: 23    Spells: 23/31 levels left

rFire   . . .      SeeInvis .    t - staff of conjuration
rCold   . . .      Faith    .    (no shield)
rNeg    . . .      Spirit   .    e - +0 troll leather armour
rPois   .          Reflect  .    (helmet restricted)
rElec   .          Harm     .    l - +1 cloak
rCorr   .          Rampage  .    (no gloves)
Will    +....                    y - +1 pair of boots
Stlth   ++........               A - amulet of magic regeneration
HPRegen 1.14/turn                q - +6 ring of intelligence
MPRegen 0.60/turn                k - ring of willpower

@: about to teleport, attractive, very slow
A: antennae 2, thin metallic scales 1, spiny 1, demonic magic 1
a: Renounce Religion, Bend Time, Temporal Distortion, Slouch


You were on level 13 of the Dungeon.
You worshipped Cheibriados.
Cheibriados was greatly pleased with you.
You visited 2 branches of the dungeon, and saw 14 of its levels.
You also visited: Sewer.

You collected 712 gold pieces.
You spent 168 gold pieces at shops.

Inventory:

Hand Weapons
 s - a +4 dagger
 u - the +6 long sword of Calamity {vorpal, *Slow rElec SInv}
   (You found it on level 11 of the Dungeon)

   It inflicts extra damage upon your enemies.
   rElec:     It insulates you from electricity.
   SInv:      It lets you see invisible.
   *Slow:     It may slow you when you take damage.
Missiles
 D - 2 curare-tipped darts
Armour
 a - +0 acid dragon scales
 e - a +0 troll leather armour (worn)
 l - a +1 cloak (worn)
 y - a +1 pair of boots (worn)
Magical Staves
 r - a staff of air
 t - a staff of conjuration (weapon)
Jewellery
 j - a ring of positive energy
 k - a ring of willpower (right hand)
 q - a +6 ring of intelligence (left hand)
 A - an amulet of magic regeneration (around neck)
Wands
 x - a wand of flame (38)
 G - a wand of paralysis (3)
 H - a wand of iceblast (9)
Scrolls
 d - a scroll of silence
 m - a scroll of blinking
 p - 4 scrolls of teleportation
 B - a scroll of poison
 C - a scroll of fear
 I - 2 scrolls of identify
 J - a scroll of butterflies
 K - a scroll of brand weapon
 L - a scroll of immolation
Potions
 b - 3 potions of magic
 c - 2 potions of attraction
 f - 4 potions of heal wounds
 g - a potion of resistance
 h - 3 potions of mutation
 i - 5 potions of curing
 n - 4 potions of might
 o - a potion of invisibility
 v - a potion of ambrosia
 w - 2 potions of lignification
 z - 3 potions of flight
 F - a potion of berserk rage
Miscellaneous
 E - a phantom mirror (inert)


   Skills:
 + Level 6.6 Fighting
 - Level 2.0 Staves
 - Level 3.8 Armour
 - Level 2.3 Dodging
 - Level 1.7 Stealth
 - Level 10.4 Spellcasting
 + Level 11.0 Conjurations
 - Level 6.0 Earth Magic
 + Level 11.7 Invocations
 - Level 3.3 Evocations


You had 23 spell levels left.
You knew the following spells:

 Your Spells              Type           Power      Damage    Failure   Level
a - Magic Dart            Conj           100%       1d8       1%          1
b - Searing Ray           Conj           100%       2d8       1%          2
c - Stone Arrow           Conj/Erth      100%       3d13      1%          3
d - Passwall              Tmut/Erth      35%        N/A       1%          2

Your spell library contained the following spells:

 Spells                   Type           Power      Damage    Failure   Level
 Sandblast                Erth           100%       2d20      1%          1
 Dazzling Flash           Conj/Hex       100%       N/A       1%          3
 Hailstorm                Conj/Ice       75%        3d15      1%          3
 Mephitic Cloud           Conj/Pois/Air  64%        N/A       1%          3
 Apportation              Tloc           38%        N/A       2%          1
 Freeze                   Ice            76%        1d8       2%          1
 Necrotise                Necr           76%        1d7       2%          1
 Summon Small Mammal      Summ           76%        N/A       2%          1
 Fulminant Prism          Conj/Hex       37%        3d17      2%          4
 Iskenderun's Mystic Bla  Conj/Tloc      75%        2d15      2%          4
 Call Imp                 Summ           19%        N/A       3%          2
 Ensorcelled Hibernation  Hex/Ice        38%        N/A       3%          2
 Call Canine Familiar     Summ           19%        N/A       7%          3
 Frozen Ramparts          Ice            38%        1d6       7%          3
 Gell's Gravitas          Tloc           19%        N/A       7%          3
 Portal Projectile        Hex/Tloc       38%        N/A       7%          3
 Summon Guardian Golem    Hex/Summ       19%        N/A       7%          3
 Swiftness                Air            19%        N/A       7%          3
 Teleport Other           Tloc           19%        N/A       7%          3
 Tukima's Dance           Hex            19%        N/A       7%          3
 Blade Hands              Tmut           9%         N/A       54%         5
 Dispersal                Tloc           9%         N/A       98%         6


Dungeon Overview and Level Annotations

Branches:
Dungeon (13/15)            Temple (1/1) D:5            Lair (0/5) D:10
    Orc (0/2) D:9           Sewer (visited)
 Vaults: D:13-14

Altars:
Ashenzari
Cheibriados
Dithmenos
Fedhas
Gozag
Hepliaklqana
Kikubaaqudgha
Makhleb
Nemelex Xobeh
Okawaru
Qazlal
Ru
Sif Muna
Trog
Uskayaw
Vehumet
Wu Jian
Xom
Yredelemnul

Shops:
D:10 !

Annotations:
D:13 Rupert


Innate Abilities, Weirdness & Mutations

You have a pair of antennae on your head.
You are partially covered in thin metallic scales. (AC +2)
You are partially covered in sharp spines.
Spells you cast may paralyse adjacent enemies.


Message History

Cheibriados thoroughly appreciates the change of pace.
You feel a bit more experienced.
Cheibriados appreciates the change of pace.
You feel a bit more experienced.
You warp the flow of time around you!
Rupert and a troll come into view.
Rupert is wielding a +1 battleaxe of holy wrath.
The human attacks as you move away! The human is struck by your spines.
The human hits you but does no damage.
The human shouts!
You kill the human!
Cheibriados appreciates the change of pace.
The centaur warrior wields a +0 longbow.
The centaur warrior shoots an arrow.
The arrow hits you!
The centaur warrior shoots an arrow.
The arrow hits you!!
A human comes into view.
The human is struck by your spines. The human hits you but does no damage.
The troll moves out of view.
The centaur warrior is attracted toward you.
Rupert is attracted toward you. The human is attracted toward you.
Activating: Slouch (1% risk of failure)
Press: ? - help, Dir - look around, f - activate You can feel time thicken for a moment.
You kill the human!
Cheibriados thoroughly appreciates the change of pace.
You kill the human!
Cheibriados appreciates the change of pace.
You kill the centaur warrior!
Cheibriados thoroughly appreciates the change of pace.
Cheibriados lowers the support of your attributes as your movement quickens.
Your Conjurations skill increases to level 11!
As you read the scroll of teleportation, it crumbles to dust.
You feel strangely unstable. The human barely misses you.
Rupert roars madly and goes into a rage!
Rupert goes berserk!
The human attacks as you move away! The human hits you but does no damage.
Rupert is struck by your spines.
Rupert hits you with a +1 battleaxe of holy wrath!!
* * * LOW HITPOINT WARNING * * *
You convulse!!!
You die...

. ...#...........#......
#......##.#.............
.#....#..#...............
.....##..................
..............#..........
.............##........
.....###.....#..#......
#.....#..#.....#....#
##?....@###...# #.....p@#
..... #.......# #.#..
..........# #..#
..[..#....†.
.....#........ ....
.....§...#
..............§.
...............T


You could see Rupert (berserk) and a human.

Vanquished Creatures
  Jorgrun (D:12)
  Erica (D:11)
  A centaur warrior (D:13)
  3 two-headed ogres
  2 boulder beetles
  The ghost of paps the Summoner, a novice OpSu of Gozag (D:6)
  3 kobold demonologists (D:10)
  4 trolls
  6 slime creatures (D:12)
  A shadow (D:11)
  A wyvern (D:9)
  2 vampires
  3 wraiths
  15 yaks
  A basilisk (D:12)
  14 vampire mosquitoes
  7 humans (D:13)
  2 acid dragons
  2 water moccasins
  2 ice beasts
  2 sky beasts
  4 black bears
  7 orc warriors
  6 centaurs
  5 ogres
  3 bullfrogs
  3 kobold brigands
  A gnoll sergeant (D:10)
  4 scorpions
  11 wights
  6 killer bees (D:8)
  3 howler monkeys (D:8)
  3 jellies
  4 orc priests
  A gnoll bouda (D:9)
  2 hounds
  3 iguanas
  11 orc wizards
  13 adders
  15 gnolls
  2 river rats (Sewer)
  2 white imps (D:8)
  An ufetubus (D:6)
  2 worms
  5 dart slugs
  40 orcs
  8 bats
  9 endoplasms
  3 giant cockroaches
  3 goblins (D:1)
  7 hobgoblins
  3 jackals
  2 quokkas
  5 ball pythons
  10 frilled lizards
  20 kobolds
  10 rats
311 creatures vanquished.

Vanquished Creatures (collateral kills)
  An acid dragon (D:10)
1 creature vanquished.

Vanquished Creatures (others)
  An orc wizard (D:3)
  12 plants (Sewer)
13 creatures vanquished.

Grand Total: 325 creatures vanquished

Notes
Turn   | Place    | Note
-------+----------+-------------------------------------------
     0 | D:1      | Ijustatesigmund the Demonspawn Conjurer began the quest for
                  | the Orb.
     0 | D:1      | Reached XP level 1. HP: 13/13 MP: 3/3
   802 | D:1      | Gained mutation: You are partially covered in sharp spines.
                  | [demonic ancestry]
   802 | D:1      | Reached XP level 2. HP: 20/20 MP: 3/5
   886 | D:1      | Reached skill level 1 in Fighting
  1495 | D:2      | Gained mutation: You have a pair of small antennae on your
                  | head. [demonic ancestry]
  1495 | D:2      | Reached XP level 3. HP: 26/26 MP: 3/6
  1498 | D:2      | Learned a level 2 spell: Searing Ray
  2615 | D:3      | Found a shimmering altar of Xom.
  2639 | D:3      | Gained mutation: You have a pair of antennae on your head.
                  | [demonic ancestry]
  2639 | D:3      | Reached XP level 4. HP: 33/33 MP: 4/8
  2830 | D:3      | Reached XP level 5. HP: 39/39 MP: 6/9
  2930 | D:3      | You fall into a shaft and drop 2 floors!
  2930 | D:5      | Entered Level 5 of the Dungeon
  2990 | D:4      | Found an iron altar of Okawaru.
  3006 | D:4      | Reached skill level 5 in Conjurations
  3258 | D:4      | Learned a level 3 spell: Stone Arrow
  3522 | D:4      | Found an ornate altar of the Wu Jian Council.
  3529 | D:4      | Found a shadowy altar of Dithmenos.
  3592 | D:4      | Found a stormy altar of Qazlal.
  3640 | D:3      | Found a blossoming altar of Fedhas.
  3643 | D:3      | Found a faded altar of an unknown god.
  4143 | D:4      | Noticed an ogre
  4154 | D:4      | Gained mutation: You are partially covered in thin metallic
                  | scales. (AC +2) [demonic ancestry]
  4154 | D:4      | Reached XP level 6. HP: 37/47 MP: 8/11
  4244 | D:4      | Reached skill level 1 in Earth Magic
  4611 | D:4      | Found a shimmering blue altar of Sif Muna.
  5135 | D:5      | Found a staircase to the Ecumenical Temple.
  5153 | D:5      | Reached XP level 7. HP: 47/52 MP: 4/14
  5157 | Temple   | Entered the Ecumenical Temple
  5372 | D:5      | Reached skill level 5 in Spellcasting
  5584 | D:5      | Found a snail-covered altar of Cheibriados.
  5946 | D:5      | Reached XP level 8. HP: 58/58 MP: 7/17
  6573 | D:6      | Reached skill level 5 in Earth Magic
  6651 | D:6      | Found a runed translucent door.
  6809 | D:6      | Found a glowing drain.
  6824 | Sewer    | Entered a sewer
  7148 | Sewer    | Identified a scroll of acquirement
  7148 | Sewer    | Acquired a staff of conjuration
  7157 | Sewer    | Learned a level 2 spell: Passwall
  7849 | D:6      | Identified the +1 mace of Hepliaklqana's Delight {protect,
                  | *Slow rN+ Str+4}
  8122 | D:6      | Noticed paps's ghost (novice OpSu)
  8133 | D:6      | Killed paps's ghost
  8134 | D:6      | Reached skill level 1 in Staves
  8134 | D:6      | Gained mutation: Spells you cast may paralyse adjacent
                  | enemies. [demonic ancestry]
  8134 | D:6      | Reached XP level 9. HP: 49/65 MP: 6/20
  8691 | D:5      | Became a worshipper of Cheibriados the Contemplative
  8915 | D:7      | Reached skill level 1 in Invocations
 10149 | D:8      | Reached * piety under Cheibriados
 10150 | D:8      | Reached XP level 10. HP: 71/71 MP: 18/22
 10259 | D:8      | Reached skill level 5 in Invocations
 11392 | D:9      | Reached ** piety under Cheibriados
 11404 | D:9      | Found an opulent altar of Gozag.
 11431 | D:9      | Reached skill level 1 in Evocations
 12525 | D:9      | Found a staircase to the Orcish Mines.
 12556 | D:10     | Entered Level 10 of the Dungeon
 12575 | D:9      | Reached *** piety under Cheibriados
 12623 | D:10     | Noticed a two-headed ogre
 13173 | D:10     | Found a hide-covered altar of Uskayaw.
 13222 | D:10     | Killed a two-headed ogre
 13325 | D:10     | Found Nuac's Distillery.
 13340 | D:10     | Bought a potion of mutation for 96 gold pieces
 13340 | D:10     | Bought a potion of curing for 36 gold pieces
 13340 | D:10     | Bought a potion of flight for 36 gold pieces
 13615 | D:10     | Found a staircase to the Lair.
 13778 | D:11     | Noticed Erica
 13886 | D:11     | Reached XP level 11. HP: 77/77 MP: 20/24
 14003 | D:11     | Noticed a boulder beetle
 14007 | D:10     | Reached skill level 1 in Armour
 14051 | D:10     | Killed a boulder beetle
 14200 | D:11     | Identified the +6 long sword of Calamity {vorpal, *Slow
                  | rElec SInv}
 14343 | D:11     | Reached **** piety under Cheibriados
 14391 | D:11     | Killed Erica
 14810 | D:11     | Reached skill level 10 in Spellcasting
 15357 | D:11     | Noticed a sixfirhy
 15623 | D:11     | Noticed a two-headed ogre
 15627 | D:11     | Killed a two-headed ogre
 16400 | D:12     | Reached skill level 10 in Invocations
 16603 | D:12     | Reached skill level 10 in Conjurations
 17058 | D:12     | Reached skill level 5 in Fighting
 17125 | D:12     | Reached XP level 12. HP: 86/86 MP: 15/26
 17268 | D:12     | Noticed Jorgrun
 17297 | D:12     | Killed Jorgrun
 17577 | D:13     | Noticed a two-headed ogre
 17584 | D:13     | Killed a two-headed ogre
 17659 | D:13     | Noticed a boulder beetle
 17662 | D:13     | Noticed a centaur warrior
 17664 | D:13     | Killed a boulder beetle
 17666 | D:13     | Noticed Rupert
 17667 | D:13     | Killed a centaur warrior
 17669 | D:13     | Demolished by Rupert

Illustrated notes

Levels and vault maps discovered:
D:1:      dpeg_arrival_snail, layout_basic
D:2:      layout_basic
D:3:      layout_basic, mainiacjoe_overflow_catwalk,
          nicolae_overflow_ecumenical_swirl
D:4:      layout_loops_ring, grunt_qazlal_sundering,
          mainiacjoe_overflow_brackets,
          mainiacjoe_overflow_concentric_impassable,
          amethyst_overflow_temple_binary, minmay_vboxes
D:5:      layout_cave_pools, cheibriados_altar_1, minmay_temple_entry_tees
D:6:      layout_basic, gammafunk_ghost_grave, cheibrodos_sewer_entry_drain,
          kennysheep_generic_room_15
D:7:      layout_loops_cross, nicolae_kite_square_tiling_tiny,
          amcnicky_mini_pool_small, dk_vineyard_1
D:8:      layout_loops_ring
D:9:      layout_basic, nicolae_overflow_crystal_walls, hiddenorc1_lemuel
D:10:     layout_loops_cross, kennysheep_little_box, lair_entry_dummy,
          serial_shops, shop_coins
D:11:     layout_cave_pools, uniq_erica
D:12:     layout_grid_maze, corexii_corridor_pit, uniq_jorgrun
D:13:     layout_cave_pools, david_vaults_3
Temple:   nicolae_temple_no_exploring_needed

Skill      XL: |  1  2  3  4  5  6  7  8  9 10 11 12 |
---------------+-------------------------------------+-----
Fighting       | 1 2 3 4 5 6 |  6.6
Spellcasting   | 3 4 6 7 8 9 10 | 10.4
Conjurations   | 5 6 7 8 10 11 | 11.0
Earth Magic    | 2 4 6 |  6.0
Staves         | 1 2 |  2.0
Dodging        | 2 |  2.3
Invocations    | 4 7 10 11 | 11.7
Evocations     | 3 |  3.3
Armour         | 3 |  3.8
Stealth        | |  1.7

Action                   |  1- 3 |  4- 6 |  7- 9 | 10-12 || total
-------------------------+-------+-------+-------+-------++-------
Melee: Unarmed           |    14 |       |       |       ||    14
       Short sword       |     8 |    29 |    50 |       ||    87
       Spear             |     3 |       |       |       ||     3
       Punch             |       |       |     4 |       ||     4
       Staff             |       |       |    27 |    37 ||    64
 Cast: Magic Dart        |    83 |    63 |    75 |    96 ||   317
       Searing Ray       |       |     5 |     8 |    10 ||    23
       Stone Arrow       |       |     7 |    65 |   211 ||   283
       Passwall          |       |       |     7 |     3 ||    10
Invok: Slouch            |       |       |       |     1 ||     1
       Temporal Distorti |       |       |       |     1 ||     1
Evoke: Wand              |       |       |       |     8 ||     8
       Phantom mirror    |       |       |       |     1 ||     1
  Use: Scroll            |     4 |     7 |     9 |    14 ||    34
       Potion            |       |       |       |     5 ||     5
 Stab: Sleeping          |     1 |     2 |       |       ||     3
       Paralysed         |       |       |     2 |    11 ||    13
Armor: Robe              |    13 |     6 |    16 |     5 ||    40
       Acid dragon scale |       |       |       |    13 ||    13
       Troll leather arm |       |       |       |    23 ||    23
Dodge: Dodged            |    31 |    26 |    44 |    88 ||   189

Table legend: (Time is in decaauts)
 A = Elapsed time spent in this place.
 B = Non-inter-level travel time spent in this place.
 C = Inter-level travel time spent in this place.
 D = Time resting spent in this place.
 E = Time spent auto-exploring this place.
 F = Levels seen in this place.
 G = Mean time per level.
                   A        B        C        D        E       F      G
               +--------+--------+--------+--------+--------+-----+--------+
         Total |  19742 |  19096 |    646 |   6077 |  10138 |  15 | 1316.1 |
       Dungeon |  18399 |  17753 |    646 |   5786 |   9446 |  13 | 1415.3 |
        Temple |    200 |    200 |      0 |    193 |      0 |   1 |  200.0 |
         Sewer |   1142 |   1142 |      0 |     98 |    692 |   1 | 1142.0 |
               +--------+--------+--------+--------+--------+-----+--------+

Top non-repeatable levels by time:
    D:10: 3115 daAuts
     D:8: 1976 daAuts
    D:12: 1973 daAuts
     D:4: 1682 daAuts
     D:9: 1337 daAuts
     D:5: 1283 daAuts
     D:7: 1215 daAuts
     D:1: 1205 daAuts
    D:11: 1170 daAuts
     D:3: 1156 daAuts
     D:6: 1145 daAuts
   Sewer: 1142 daAuts
     D:2: 1018 daAuts
  Temple: 200 daAuts
    D:13: 118 daAuts
